 Dungeon Crawl Stone Soup version 0.29.0-4-gdea44cf6ec (webtiles) character file.

Game seed: 6781209585841060912

2057 qw the Cleaver (level 9, 0/71 HPs)
             Began as a Demonspawn Cinder Acolyte on Sept 9, 2022.
             Was a Believer of Ignis.
             Splashed by a jelly's acid (3 damage)
             ... on level 6 of the Dungeon.
             The game lasted 00:02:53 (9197 turns).

qw the Cleaver (Demonspawn Cinder Acolyte)          Turns: 9197, Time: 00:02:53

Health: 0/71       AC:  1    Str: 20    XL:     9   Next: 5%
Magic:  10/10      EV:  7    Int: 15    God:    Ignis [**....]
Gold:   192        SH:  4    Dex:  8    Spells: 10/10 levels left

rFire   + . .      SeeInvis .   Y - +0 war axe (freeze)
rCold   . . .      Faith    .   (no shield)
rNeg    + . .      Spirit   .   f - +0 chain mail
rPois   +          Reflect  .   (no helmet)
rElec   .          Harm     .   (no cloak)
rCorr   .          Rampage  .   (no gloves)
Will    .....                   (no boots)
Stlth   ..........              (no amulet)
HPRegen 0.21/turn               m - ring of positive energy
MPRegen 0.12/turn               g - ring of poison resistance

@: corroded, fiery-armoured
A: rugged brown scales 1, condensation shield, demonic magic 2
a: Renounce Religion, Fiery Armour, Foxfire Swarm, Rising Flame


You were on level 6 of the Dungeon.
You worshipped Ignis.
Ignis was pleased with you.
You visited 1 branch of the dungeon, and saw 7 of its levels.

You collected 192 gold pieces.


Innate Abilities, Weirdness & Mutations

You are partially covered in rugged brown scales. (AC +1, +3% HP)
A meltable shield of frost defends you. (SH +4)
Spells you cast may paralyse nearby enemies.


   Skills:
 - Level 6.0 Fighting
 + Level 9.2 Axes
 - Level 2.0 Throwing
 - Level 3.2 Armour
 - Level 1.0 Dodging
 - Level 1.0 Spellcasting
 - Level 2.6 Fire Magic


You had 10 spell levels left.
You didn't know any spells.
Your spell library contained the following spells:

 Spells                   Type           Power      Damage    Failure   Level
 Scorch                   Fire           16%        2d5       77%         2

Inventory:

Hand Weapons
 h - a +2 hand axe of flaming
 Y - a +0 war axe of freezing (weapon)
Missiles
 c - 5 javelins (quivered)
 d - 3 silver boomerangs
Armour
 f - a +0 chain mail (worn)
Jewellery
 g - a ring of poison resistance (right hand)
 l - a ring of positive energy
 m - a ring of positive energy (left hand)
Scrolls
 a - a scroll of identify
Potions
 e - a potion of might
 k - a potion of curing

Dungeon Overview and Level Annotations

Branches:
Dungeon (7/15)
 Temple: D:4-7

Altars:
Fedhas
Hepliaklqana
Makhleb
Yredelemnul

Shops:
D:1 (:[!


Message History

What level of the Dungeon? (default 1, ? - help)
You climb downwards.
The wight closely misses you. The jelly hits you. The acid corrodes you!
You are splashed with acid!
There is a stone staircase leading up here.
9189 ||| STAIRDANCE The wight hits you with a +0 long sword.
The jelly hits you. The acid corrodes you!
You are splashed with acid!
You climb upwards.
There is a stone staircase leading down here.
You slash the wight!
The wight is almost destroyed.
You hit the jelly but do no damage. The acid corrodes you!
Your hands burn!
The jelly hits you. The acid corrodes you!
You are splashed with acid!
The wight hits you with a +0 long sword!
9192 ||| INVOKING Fiery Armour.
A protective cloak of flame settles atop you.
The jelly completely misses you. You block the wight's attack.
You hit the wight.
The wight is almost destroyed.
You hit the jelly. You freeze the jelly.
Your hands burn!
You block the jelly's attack. The wight closely misses you.
You closely miss the wight.
The wight is almost destroyed.
You hit the jelly but do no damage.
Your hands burn!
The jelly hits you.
You are splashed with acid.
The jelly is burned by your cloak of flames.
The jelly is heavily wounded.
The wight hits you with a +0 long sword.
The wight is burned by your cloak of flames.
You destroy the wight!
The jelly barely misses you.
You barely miss the jelly.
The jelly is heavily wounded.
The jelly jiggles.
The jelly barely misses you.
You hit the jelly but do no damage.
Your hands burn!
The jelly is heavily wounded.
You block the jelly's attack.
You hit the jelly but do no damage.
Your hands burn!
You die...

.....#.##...######...##
.....#.####..#####.#+## .....#.#
##..........# ######.#
#.......)..# #.######.........#
#......#.........#
#......#.........#
#......#..%J.....#
#......#...@)....# #
#......#.........###########
######......####.###.............
.....!......# #.# ##############
............# #.# # ............#
#.# # ............# #.# #
....##......# #.# # ....##.######
#.# #


You could see a jelly.

Vanquished Creatures
  A black bear (D:5)
  An ice beast (D:6)
  5 ogres
  A centaur (D:4)
  A bullfrog (D:6)
  3 scorpions
  A necrophage (D:5)
  9 wights (D:6)
  A killer bee (D:6)
  2 hounds
  2 jellies
  A gnoll bouda (D:6)
  An orc priest (D:3)
  2 iguanas
  2 orc wizards
  7 gnolls
  5 adders
  A shadow imp (D:6)
  2 ufetubi
  5 worms
  4 dart slugs
  20 orcs
  8 endoplasms
  7 giant cockroaches
  8 hobgoblins
  8 jackals
  8 kobolds
  3 quokkas
  9 ball pythons
  7 bats
  5 frilled lizards (D:1)
  7 goblins
  3 rats
150 creatures vanquished.

Vanquished Creatures (others)
  2 plants (D:4)
2 creatures vanquished.

Grand Total: 152 creatures vanquished

Notes
Turn   | Place    | Note
-------+----------+-------------------------------------------
     0 | D:1      | qw the Demonspawn Cinder Acolyte began the quest for the
                  | Orb.
     0 | D:1      | Reached XP level 1. HP: 18/18 MP: 2/2
     0 | D:1      | 0 ||| qw: Version: 0.1-a-113-g051387a
     0 | D:1      | 0 ||| qw: Game counter: 7221
     0 | D:1      | 0 ||| qw: Always use a shield: true
     0 | D:1      | 0 ||| qw: God list: Okawaru
     0 | D:1      | 0 ||| qw: Allow faded altars: false
     0 | D:1      | 0 ||| qw: Do Orc after D:15 true
     0 | D:1      | 0 ||| qw: Do second Lair branch before Depths: true
     0 | D:1      | 0 ||| qw: Lair rune preference: random
     0 | D:1      | 0 ||| qw: Plans: Normal
     0 | D:1      | 0 ||| PLANNING D:1-11
    92 | D:1      | 92 ||| INVOKING Fiery Armour.
    93 | D:1      | Reached skill level 3 in Axes
   360 | D:1      | Found Liawoq's Book Emporium.
   452 | D:1      | Gained mutation: You are partially covered in rugged brown
                  | scales. (AC +1, +3% HP) [demonic ancestry]
   452 | D:1      | Reached XP level 2. HP: 17/24 MP: 3/3
   942 | D:1      | Found Saisag's Distillery.
   948 | D:1      | 948 ||| SHOPLISTING potion of curing (42 gold, have 14).
   948 | D:1      | 948 ||| SHOPLISTING potion of haste (140 gold, have 14).
   948 | D:1      | 948 ||| SHOPLISTING potion of might (56 gold, have 14).
   948 | D:1      | 948 ||| SHOPLISTING potion of mutation (112 gold, have 14).
   948 | D:1      | 948 ||| SHOPLISTING potion of resistance (140 gold, have
                  | 14).
   961 | D:1      | Found Raimauve's Antique Armour Shop.
   964 | D:1      | 964 ||| SHOPLISTING pair of boots (90 gold, have 14).
   990 | D:1      | Found Qungour's Weapon Emporium.
  1261 | D:1      | 1261 ||| UPGRADING to +0 ring mail.
  1271 | D:1      | 1271 ||| DROPPING +0 robe.
  1272 | D:1      | 1272 ||| READING scroll labelled PIXOOSM GOPUU.
  1275 | D:1      | 1275 ||| READING scroll labelled AMUGGA KUTEPP.
  1276 | D:1      | 1276 ||| READING scroll labelled ERY BECYOB.
  1420 | D:2      | Reached XP level 3. HP: 25/29 MP: 4/4
  1740 | D:2      | Reached skill level 4 in Axes
  1955 | D:2      | 1955 ||| FLEEEEING.
  1956 | D:2      | 1956 ||| FLEEEEING.
  1957 | D:2      | 1957 ||| FLEEEEING.
  1977 | D:2      | 1977 ||| FLEEEEING.
  1978 | D:2      | 1978 ||| FLEEEEING.
  1979 | D:2      | 1979 ||| FLEEEEING.
  1980 | D:2      | 1980 ||| FLEEEEING.
  2190 | D:2      | 2190 ||| Stepping ~*~*~tactically~*~*~ (stealth).
  2201 | D:2      | 2201 ||| Stepping ~*~*~tactically~*~*~ (stealth).
  2202 | D:2      | 2202 ||| Stepping ~*~*~tactically~*~*~ (stealth).
  2205 | D:2      | 2205 ||| Stepping ~*~*~tactically~*~*~ (stealth).
  2345 | D:2      | 2345 ||| Stepping ~*~*~tactically~*~*~ (stealth).
  2346 | D:2      | 2346 ||| Stepping ~*~*~tactically~*~*~ (stealth).
  2353 | D:2      | 2353 ||| INVOKING Fiery Armour.
  2355 | D:2      | 2355 ||| STAIRDANCE
  2526 | D:1      | 2526 ||| READING 4 scrolls labelled MUECESHAE.
  2527 | D:1      | 2527 ||| READING scroll labelled JALAAC BUSEWK.
  2702 | D:3      | 2702 ||| PLANNING SEWER
  2703 | D:3      | 2703 ||| STAIRDANCE
  2706 | D:3      | 2706 ||| STAIRDANCE
  2757 | D:3      | Gained mutation: Spells you cast may paralyse adjacent
                  | enemies. [demonic ancestry]
  2757 | D:3      | Reached XP level 4. HP: 27/36 MP: 5/5
  2759 | D:3      | 2759 ||| STAIRDANCE
  2912 | D:3      | Found a basalt altar of Yredelemnul.
  2991 | D:3      | 2991 ||| Stepping ~*~*~tactically~*~*~ (stealth).
  2995 | D:3      | 2995 ||| Stepping ~*~*~tactically~*~*~ (stealth).
  2996 | D:3      | 2996 ||| Stepping ~*~*~tactically~*~*~ (stealth).
  3036 | D:3      | 3036 ||| INVOKING Fiery Armour.
  3039 | D:3      | Reached skill level 5 in Axes
  3041 | D:3      | HP: 3/35 [orc/+0 flail (6)]
  3382 | D:3      | Found a burning altar of Makhleb.
  3440 | D:3      | 3440 ||| RIP SEWER
  3441 | D:3      | 3441 ||| PLANNING D:1-11
  3758 | D:3      | Reached skill level 1 in Dodging
  3845 | D:3      | 3845 ||| UPGRADING to +0 scale mail.
  3855 | D:3      | 3855 ||| DROPPING +0 ring mail.
  3856 | D:3      | 3856 ||| UPGRADING to ring of positive energy.
  3857 | D:3      | 3857 ||| READING scroll labelled KYNGEM BIHITZ.
  3858 | D:3      | 3858 ||| READING 4 scrolls of identify.
  3858 | D:3      | 3858 ||| IDENTIFYING dark potion
  3859 | D:3      | 3859 ||| READING 3 scrolls of identify.
  3859 | D:3      | 3859 ||| IDENTIFYING grey potion
  3860 | D:3      | 3860 ||| READING 2 scrolls of identify.
  3860 | D:3      | 3860 ||| IDENTIFYING sapphire potion
  3861 | D:3      | 3861 ||| DROPPING potion of flight.
  3862 | D:3      | 3862 ||| DROPPING potion of berserk rage.
  3904 | D:4      | Noticed a centaur
  3923 | D:4      | Killed a centaur
  3924 | D:4      | Gained mutation: A meltable shield of frost defends you.
                  | (SH +4) [demonic ancestry]
  3924 | D:4      | Reached XP level 5. HP: 23/42 MP: 6/6
  4151 | D:4      | Noticed an ogre
  4152 | D:4      | 4152 ||| INVOKING Fiery Armour.
  4166 | D:4      | Killed an ogre
  4167 | D:4      | Reached XP level 6. HP: 14/48 MP: 7/7
  4543 | D:4      | 4543 ||| Stepping ~*~*~tactically~*~*~ (stealth).
  4562 | D:4      | Reached skill level 1 in Throwing
  4575 | D:4      | 4575 ||| Stepping ~*~*~tactically~*~*~ (stealth).
  4576 | D:4      | 4576 ||| Stepping ~*~*~tactically~*~*~ (stealth).
  4704 | D:4      | 4704 ||| Stepping ~*~*~tactically~*~*~ (stealth).
  4705 | D:4      | 4705 ||| Stepping ~*~*~tactically~*~*~ (stealth).
  4706 | D:4      | 4706 ||| Stepping ~*~*~tactically~*~*~ (stealth).
  4828 | D:4      | Reached skill level 6 in Axes
  4834 | D:4      | 4834 ||| Stepping ~*~*~tactically~*~*~ (stealth).
  4835 | D:4      | 4835 ||| Stepping ~*~*~tactically~*~*~ (stealth).
  5232 | D:4      | Reached XP level 7. HP: 49/53 MP: 8/8
  5261 | D:4      | Found a hazy altar of Hepliaklqana.
  5262 | D:4      | 5262 ||| Stepping ~*~*~tactically~*~*~ (stealth).
  5572 | D:4      | 5572 ||| READING scroll labelled KABRIME ROTZIRGH.
  5699 | D:4      | 5699 ||| READING 3 scrolls labelled XOFELI ERIOW.
  5700 | D:4      | 5700 ||| READING 2 scrolls of enchant weapon.
  5700 | D:4      | 5700 ||| ENCHANTING +0 hand axe of flaming.
  5701 | D:4      | 5701 ||| READING scroll of enchant weapon.
  5701 | D:4      | 5701 ||| ENCHANTING +1 hand axe of flaming.
  5702 | D:4      | 5702 ||| READING scroll labelled CYUTWA VORI.
  5731 | D:5      | Entered Level 5 of the Dungeon
  5893 | D:5      | Reached skill level 7 in Axes
  6016 | D:5      | 6016 ||| Stepping ~*~*~tactically~*~*~ (stealth).
  6077 | D:5      | 6077 ||| INVOKING Fiery Armour.
  6261 | D:5      | Found a blossoming altar of Fedhas.
  6300 | D:5      | Reached XP level 8. HP: 61/61 MP: 9/9
  6425 | D:5      | 6425 ||| Stepping ~*~*~tactically~*~*~ (hiding).
  6839 | D:5      | 6839 ||| UPGRADING to +0 chain mail.
  6849 | D:5      | 6849 ||| DROPPING +0 scale mail.
  6850 | D:5      | 6850 ||| UPGRADING to ring of positive energy.
  6851 | D:5      | 6851 ||| READING scroll labelled JAIREE REIGYA.
  6852 | D:5      | 6852 ||| DRINKING 2 red potions.
  6892 | D:6      | 6892 ||| STAIRDANCE
  6901 | D:5      | Reached skill level 8 in Axes
  6919 | D:6      | 6919 ||| STAIRDANCE
  7025 | D:6      | 7025 ||| STAIRDANCE
  7097 | D:6      | 7097 ||| STAIRDANCE
  7142 | D:6      | 7142 ||| STAIRDANCE
  7325 | D:6      | 7325 ||| SWAPPING to +0 war axe.
  7365 | D:6      | 7365 ||| Stepping ~*~*~tactically~*~*~ (hiding).
  7366 | D:6      | 7366 ||| Stepping ~*~*~tactically~*~*~ (hiding).
  7368 | D:6      | 7368 ||| Stepping ~*~*~tactically~*~*~ (hiding).
  7371 | D:6      | 7371 ||| Stepping ~*~*~tactically~*~*~ (hiding).
  7382 | D:6      | 7382 ||| FLEEEEING.
  7411 | D:6      | 7411 ||| FLEEEEING.
  7417 | D:6      | 7417 ||| STAIRDANCE
  7459 | D:5      | 7459 ||| UPGRADING to ring of poison resistance.
  7461 | D:5      | 7461 ||| DRINKING 2 fizzy clear potions.
  8081 | D:6      | 8081 ||| Stepping ~*~*~tactically~*~*~ (stealth).
  8082 | D:6      | 8082 ||| Stepping ~*~*~tactically~*~*~ (stealth).
  8090 | D:6      | 8090 ||| INVOKING Fiery Armour.
  8091 | D:6      | HP: 10/58 [wight/+4 morningstar (8)]
  8101 | D:6      | 8101 ||| FLEEEEING.
  8102 | D:6      | 8102 ||| FLEEEEING.
  8103 | D:6      | 8103 ||| FLEEEEING.
  8104 | D:6      | 8104 ||| FLEEEEING.
  8105 | D:6      | 8105 ||| FLEEEEING.
  8106 | D:6      | 8106 ||| FLEEEEING.
  8107 | D:6      | 8107 ||| FLEEEEING.
  8108 | D:6      | 8108 ||| FLEEEEING.
  8109 | D:6      | 8109 ||| FLEEEEING.
  8110 | D:6      | 8110 ||| FLEEEEING.
  8115 | D:6      | 8115 ||| FLEEEEING.
  8116 | D:6      | 8116 ||| FLEEEEING.
  8117 | D:6      | 8117 ||| FLEEEEING.
  8118 | D:6      | 8118 ||| FLEEEEING.
  8119 | D:6      | 8119 ||| FLEEEEING.
  8130 | D:6      | 8130 ||| FLEEEEING.
  8131 | D:6      | 8131 ||| FLEEEEING.
  8132 | D:6      | 8132 ||| FLEEEEING.
  8137 | D:6      | 8137 ||| FLEEEEING.
  8144 | D:6      | 8144 ||| FLEEEEING.
  8145 | D:6      | 8145 ||| FLEEEEING.
  8146 | D:6      | 8146 ||| FLEEEEING.
  8147 | D:6      | 8147 ||| FLEEEEING.
  8148 | D:6      | 8148 ||| FLEEEEING.
  8149 | D:6      | 8149 ||| FLEEEEING.
  8150 | D:6      | 8150 ||| FLEEEEING.
  8151 | D:6      | 8151 ||| FLEEEEING.
  8152 | D:6      | 8152 ||| Stepping ~*~*~tactically~*~*~ (hiding).
  8153 | D:6      | 8153 ||| FLEEEEING.
  8156 | D:6      | HP: 10/62 [wight/+3 halberd (9)]
  8157 | D:6      | 8157 ||| READING scroll of teleportation.
  8158 | D:6      | 8158 ||| DRINKING potion of heal wounds.
  8744 | D:6      | Reached skill level 9 in Axes
  8749 | D:6      | 8749 ||| INVOKING Fiery Armour.
  8753 | D:6      | HP: 15/60 [wight/+0 trident (6)]
  8754 | D:6      | 8754 ||| DRINKING potion of heal wounds.
  8756 | D:6      | Reached skill level 3 in Armour
  8942 | D:6      | 8942 ||| READING scroll labelled NELISI NUZADEA.
  8943 | D:6      | 8943 ||| READING 2 scrolls of identify.
  8943 | D:6      | 8943 ||| IDENTIFYING fuming black potion
  8944 | D:6      | 8944 ||| DROPPING potion of ambrosia.
  8972 | D:7      | 8972 ||| STAIRDANCE
  9076 | D:7      | 9076 ||| STAIRDANCE
  9111 | D:7      | 9111 ||| STAIRDANCE
  9123 | D:6      | Reached skill level 6 in Fighting
  9123 | D:6      | Gained mutation: Spells you cast may paralyse nearby
                  | enemies. [demonic ancestry]
  9123 | D:6      | Reached XP level 9. HP: 71/71 MP: 10/10
  9127 | D:7      | 9127 ||| STAIRDANCE
  9189 | D:7      | 9189 ||| STAIRDANCE
  9192 | D:6      | 9192 ||| INVOKING Fiery Armour.
  9193 | D:6      | HP: 17/71 [acid (3)]
  9194 | D:6      | HP: 7/71 [acid (6)]
  9196 | D:6      | HP: 3/71 [acid (2)]
  9197 | D:6      | Splashed by a jelly's acid

Levels and vault maps discovered:
D:1:      roderic_crossed_star, layout_basic, serial_shops, shop,
          nicolae_shop_statue_plus, shop, shop
D:2:      layout_loops_corners, serial_park_tiny_pond
D:3:      layout_rooms, mainiacjoe_overflow_alcove_1,
          mainiacjoe_overflow_alcove_4, cheibrodos_sewer_entry_sluice,
          chequers_serial_rivers_micro_e, due_unseen_surprise
D:4:      minmay_opposing_rooms, layout_basic, nicolae_hepliaklqana_hazy_memory
D:5:      layout_cave_pods, old_standard_altar, fedhas_altar_3
D:6:      layout_basic, minmay_splitting_lines, hangedman_decor_riveting
D:7:      layout_rooms, nicolae_ru_great_annihilating_truth,
          kennysheep_little_box, slow_altar_1,
          minmay_temple_entry_drinking_statues, minmay_crystal_water

Skill      XL: |  1  2  3  4  5  6  7  8 |
---------------+-------------------------+-----
Axes           | 3 4 5 6 7 9 |  9.2
Dodging        | 1 |  1.0
Armour         | 2 3 |  3.2
Throwing       | 1 2 |  2.0
Fighting       | 4 6 |  6.0
Spellcasting   | |  1.0
Fire Magic     | |  2.6

Action                   |  1- 3 |  4- 6 |  7- 9 || total
-------------------------+-------+-------+-------++-------
Melee: Hand axe          |   178 |   207 |   118 ||   503
       Punch             |       |       |     3 ||     3
       War axe           |       |       |   102 ||   102
Throw: Javelin           |       |     8 |    44 ||    52
Invok: Fiery Armour      |     2 |     2 |     4 ||     8
  Use: Scroll            |     5 |     4 |     9 ||    18
       Potion            |       |       |     4 ||     4
Armor: Robe              |    23 |       |       ||    23
       Ring mail         |    55 |    30 |       ||    85
       Scale mail        |       |    68 |    24 ||    92
       Chain mail        |       |       |    71 ||    71
Dodge: Dodged            |    82 |    97 |    72 ||   251
Block: Other             |       |    13 |    30 ||    43

Table legend:
 A = Non-vault XP
 B = Vault XP
 C = Vault XP percentage of total XP
 D = Non-vault monster count
 E = Vault monster count
 F = Vault count percentage of total count
                 A         B        C        D         E       F
            +---------+---------+-------+---------+---------+-------
      Total |    2774 |     165 |   5.6 |     136 |      14 |   9.3
            +---------+---------+-------+---------+---------+-------
        D:1 |      37 |       0 |   0.0 |      25 |       0 |   0.0
        D:2 |      53 |       0 |   0.0 |      24 |       0 |   0.0
        D:3 |      83 |       9 |   9.8 |      15 |       4 |  21.1
        D:4 |     502 |     156 |  23.7 |      23 |      10 |  30.3
        D:5 |     793 |       0 |   0.0 |      25 |       0 |   0.0
        D:6 |    1306 |       0 |   0.0 |      24 |       0 |   0.0
            +---------+---------+-------+---------+---------+-------
